 Dungeon Crawl Stone Soup version 0.28-a0-1510-gd0f6b136d3 (webtiles) character file.

Game seed: 2519752671329748178

3775 enile the Fighter (level 10, 0/83 HPs)
             Began as a Barachi Cinder Acolyte on Jan 14, 2022.
             Was an Initiate of Ignis.
             Slain by a hornet (11 damage)
             ... on level 7 of the Dungeon.
             The game lasted 00:40:28 (17570 turns).

enile the Fighter (Barachi Cinder Acolyte)         Turns: 17570, Time: 00:40:28

Health: 0/83       AC:  6    Str: 18    XL:     10   Next: 16%
Magic:  6/14       EV: 11    Int: 14    God:    Ignis [......]
Gold:   382        SH:  5    Dex: 10    Spells: 11/15 levels left

rFire   + . .      SeeInvis +   s - +0 long sword (freeze)
rCold   . . .      Faith    .   (no shield)
rNeg    . . .      Spirit   .   e - +0 ring mail
rPois   .          Reflect  +   (no helmet)
rElec   .          Harm     .   (no cloak)
rCorr   .          Rampage  .   (no gloves)
Will    .....                   (no boots)
Stlth   +.........              t - amulet of reflection
HPRegen 0.23/turn               x - ring of see invisible
MPRegen 0.14/turn               j - +4 ring of slaying

@: lethally poisoned (0 -> -3), unable to hop, on blink cooldown, very slightly
contaminated, slowed, very slow
A: amphibious, slowness 1, strong legs 1, +LOS
a: Hop, Renounce Religion


You were on level 7 of the Dungeon.
You worshipped Ignis.
Ignis was noncommittal.
You visited 1 branch of the dungeon, and saw 8 of its levels.

You collected 442 gold pieces.
You spent 60 gold pieces at shops.

Inventory:

Hand Weapons
 a - a -1 falchion of flaming
 g - a +0 dagger of speed
 i - a +1 dagger of venom
 s - a +0 long sword of freezing (weapon)
 u - a +2 scimitar
 w - a +3 battleaxe
 A - a +0 spear of flaming
 B - a +1 falchion
 D - a +0 halberd
 H - a +1 trident of venom
Missiles
 z - 11 boomerangs (quivered)
Armour
 b - a +0 robe
 e - a +0 ring mail (worn)
 n - a +0 scale mail
 r - a +0 chain mail
 F - the +3 robe of the Ant {Rampage Int-3 Dex+4}
   (You found it on level 8 of the Dungeon)

   Int:       It affects your intelligence (-3).
   Dex:       It affects your dexterity (+4).
   Rampage:   It bestows one free step when moving towards enemies.
 G - a +0 robe of fire resistance
Jewellery
 j - a +4 ring of slaying (right hand)
 l - a ring of magical power
 t - an amulet of reflection (around neck)
 v - a +4 ring of evasion
 x - a ring of see invisible (left hand)
 C - a ring of ice
 E - a ring of magical power
Scrolls
 d - 3 scrolls of amnesia
 f - a scroll of magic mapping
 m - 2 scrolls of vulnerability
 o - a scroll of fog
 y - 2 scrolls of immolation
Potions
 c - 3 potions of heal wounds
 h - 2 potions of ambrosia
 k - a potion of magic
 p - 2 potions of mutation {unknown}
 q - 2 potions of curing


   Skills:
 + Level 9.2 Fighting
 - Level 0.3(3.9) Short Blades
 - Level 6.9(7.0) Long Blades
 - Level 3.0 Throwing
 - Level 7.0 Armour
 - Level 4.0 Dodging
 - Level 3.0 Stealth
 - Level 3.0 Spellcasting
 - Level 3.0 Translocations
 - Level 5.0 Fire Magic
 - Level 2.0 Invocations
 - Level 5.0 Evocations


You had 11 spell levels left.
You knew the following spells:

 Your Spells              Type           Power      Damage    Failure   Level
a - Scorch                Fire           32%        2d7       7%          2
b - Blink                 Tloc           20%        N/A       16%         2

Your spell library contained the following spells:

 Spells                   Type           Power      Damage    Failure   Level
 Lesser Beckoning         Tloc           10%        N/A       30%         3
 Beastly Appendage        Tmut           4%         N/A       34%         1
 Conjure Flame            Conj/Fire      9%         6-21      36%         3
 Wereblood                Tmut           2%         N/A       45%         2
 Ignite Poison            Fire/Tmut/Pois 6%         N/A       47%         3
 Spider Form              Tmut/Pois      2%         N/A       71%         3
 Sticky Flame             Conj/Fire      9%         2d3       77%         4
 Iskenderun's Mystic Bla  Conj/Tloc      6%         2d4       88%         4
 Manifold Assault         Tloc           10%        N/A       95%         5
 Fulminant Prism          Conj/Hex       1%         3d6       98%         4
 Lee's Rapid Deconstruct  Erth           1%         3d5*      100%        5


Dungeon Overview and Level Annotations

Branches:
Dungeon (8/15)             Temple (0/1) D:4
   Lair: D:8-11

Altars:
The Shining One

Shops:
D:4 *   D:8 *

Annotations:
D:6 Sekkong's ghost, novice MiFi
D:7 exclusion: 3 electric eels


Innate Abilities, Weirdness & Mutations

You are amphibious.
You cover ground slowly.
You can hop short distances.
You have an extended range of vision and can be seen from far away.


Message History

The hornet barely misses you.
Your magical contamination has completely faded away.
It was a potion of heal wounds.
You feel much better.
You feel very sick. The hornet stings you.
You feel as though you will be slow longer.
The hornet stings you.
You suddenly lose the ability to move!
You feel stable enough to blink again.
You feel sick. The hornet stings you!
You are more poisoned.
You feel as though you will be slow longer.
You feel very sick. The hornet stings you!
You shrug off the repeated paralysis!
The hornet stings you.
You are more poisoned.
You feel as though you will be slow longer.
You can move again.
You feel better. The hornet stings you!
You feel as though you will be slow longer.
The hornet stings you.
You are poisoned.
You feel as though you will be slow longer.
Casting: Blink (safe; 16% risk of failure)
Confirm with . or Enter, or press ? or * to list all spells.
You miscast Blink.
You are very lightly contaminated with residual magic.
Nothing appears to happen.
You feel very sick.
The hornet stings you but does no damage.
The hornet completely misses you.
Casting: Blink (safe; 16% risk of failure)
Confirm with . or Enter, or press ? or * to list all spells.
You blink.
You feel very sick.
The hornet stings you but does no damage.
The hornet stings you!
* * * LOW HITPOINT WARNING * * *
You feel as though you will be slow longer.
You feel sick. The hornet misses you. The hornet stings you!
You die...

####..........# #....########.#
##.##..# #.######### ##...≈..#
#.........##
#.≈.≈≈≈.##############...#####
#.)♣≈≈≈..........#...........#
##.≈♣♣♣♣≈≈.######.#.###...###.###
#≈≈♣♣ ♣.≈P######.#.####.## #.##.
#≈≈[♣ ♣♣≈P≈.....@y.§......###.##.
#P≈)♣♣♣≈..#######.........##.....
P≈≈[≈≈)≈≈## #.#.###.#.##(.##.
##≈≈)≈≈..# #>#.# #.#........
....≈[.≈.# #.#.# #.#.##..##.
######...# ######...###.#.##..##.
##..# #.........y........##.
###..###.####.#.##........##.
#####.............#.##........##.


You could see a hornet.

Vanquished Creatures
  Pikel (D:3)
  Edmund (D:4)
  An acid dragon (D:8)
  2 water moccasins
  3 orc warriors
  A hornet zombie (D:7)
  An ice beast (D:7)
  2 black bears
  A sky beast (D:6)
  Pargi (D:4)
  An ogre (D:5)
  A phantom (D:7)
  A centaur (D:7)
  A kobold brigand (D:6)
  4 lemures
  3 bullfrogs
  2 gnoll sergeants (D:6)
  4 wights (D:7)
  3 killer bees (D:7)
  2 howler monkeys (D:5)
  5 electric eels (D:7)
  A bullfrog zombie (D:5)
  A centaur zombie (D:7)
  4 hounds
  3 jellies
  A bullfrog skeleton (D:6)
  3 orc priests (D:7)
  Jessica (D:2)
  Ijyb (D:5)
  Natasha (thrice) (D:2)
  An iguana (D:7)
  4 orc wizards
  11 gnolls
  An adder (D:3)
  2 shadow imps (D:6)
  A white imp (D:8)
  An ufetubus (D:5)
  3 worms
  2 dart slugs
  25 orcs
  6 bats
  9 endoplasms
  2 giant cockroaches
  4 goblins
  7 hobgoblins
  4 jackals (D:1)
  8 kobolds
  6 quokkas
  3 ball pythons
  2 frilled lizards
  5 rats
166 creatures vanquished.

Vanquished Creatures (others)
  41 foxfires
  70 plants
111 creatures vanquished.

Grand Total: 277 creatures vanquished

Notes
Turn   | Place    | Note
-------+----------+-------------------------------------------
     0 | D:1      | enile the Barachi Cinder Acolyte began the quest for the
                  | Orb.
     0 | D:1      | Reached XP level 1. HP: 18/18 MP: 2/2
   199 | D:1      | Reached skill level 4 in Fighting
   506 | D:1      | Reached XP level 2. HP: 24/25 MP: 3/3
   747 | D:1      | Reached skill level 1 in Armour
  1124 | D:1      | Learned a level 2 spell: Scorch
  1163 | D:1      | Found a faded altar of an unknown god.
  1182 | D:1      | Reached XP level 3. HP: 21/30 MP: 1/4
  1720 | D:2      | Noticed Jessica
  2088 | D:2      | Killed Jessica
  2089 | D:2      | Reached skill level 1 in Dodging
  2089 | D:2      | Reached XP level 4. HP: 32/37 MP: 5/5
  2220 | D:2      | You fall into a shaft and drop 1 floor!
  2535 | D:2      | Noticed Natasha
  2542 | D:2      | Killed Natasha
  2842 | D:2      | Noticed Natasha
  2849 | D:2      | Killed Natasha
  2850 | D:2      | Reached XP level 5. HP: 39/43 MP: 6/6
  3162 | D:2      | Noticed Natasha
  3169 | D:2      | Killed Natasha
  3395 | D:3      | Reached skill level 5 in Fighting
  4383 | D:4      | Noticed a lemure
  4383 | D:4      | Noticed a lemure
  4384 | D:4      | Noticed Pikel
  4384 | D:4      | Noticed a lemure
  4384 | D:4      | Noticed a lemure
  4401 | D:4      | Killed a lemure
  4441 | D:4      | Reached XP level 6. HP: 28/51 MP: 1/7
  4643 | D:4      | Noticed Edmund
  4663 | D:4      | Killed Edmund
  4664 | D:4      | Reached skill level 5 in Armour
  4850 | D:4      | Noticed a black bear
  4866 | D:4      | Killed a black bear
  4867 | D:4      | Reached skill level 6 in Fighting
  4867 | D:4      | Reached XP level 7. HP: 43/58 MP: 6/8
  5137 | D:4      | Found a staircase to the Ecumenical Temple.
  5330 | D:4      | Found Nen Oqat's Elemental Accessories.
  5339 | D:4      | Bought a wand of flame (8) for 60 gold pieces
  5462 | D:4      | Noticed Pargi
  5496 | D:4      | Killed Pargi
  5734 | D:5      | Entered Level 5 of the Dungeon
  5944 | D:5      | Noticed Ijyb
  5966 | D:5      | Killed Ijyb
  6108 | D:5      | Reached skill level 1 in Evocations
  7328 | D:3      | Killed Pikel
  7329 | D:3      | Reached XP level 8. HP: 25/64 MP: 5/12
  7797 | D:5      | Reached skill level 5 in Fire Magic
  8084 | D:6      | Reached skill level 1 in Throwing
  8106 | D:6      | Reached skill level 5 in Long Blades
  8300 | D:6      | Reached XP level 9. HP: 56/71 MP: 13/13
  8397 | D:6      | Reached skill level 7 in Fighting
  9230 | D:6      | Found a glowing golden altar of the Shining One.
  9260 | D:6      | Reached skill level 8 in Fighting
  9291 | D:6      | Identified the +1 ring mail "Rukhemo" {Int+6}
  9308 | D:6      | Reached skill level 1 in Invocations
  9441 | D:6      | Found a transporter.
  9456 | D:6      | Noticed Sekkong's ghost (novice MiFi)
  9495 | D:6      | Found a transporter.
 10482 | D:7      | Reached skill level 5 in Evocations
 10867 | D:6      | Learned a level 2 spell: Blink
 11093 | D:6      | Reached skill level 9 in Fighting
 15726 | D:7      | Reached XP level 10. HP: 83/83 MP: 14/14
 15796 | D:7      | Reached skill level 1 in Translocations
 17342 | D:8      | Found Ilutuaw's Fire Supplies.
 17485 | D:8      | Identified the +3 robe of the Ant {Rampage Int-3 Dex+4}
 17558 | D:7      | Paralysed by a hornet for 3 turns
 17564 | D:7      | Paralysed by a hornet for 3 turns
 17570 | D:7      | Slain by a hornet

Illustrated notes

Levels and vault maps discovered:
D:1:      lightli_arrival_maybe_door_vault, layout_loops_ring,
          shapermc_ecumenical_altar_pompeii
D:2:      layout_loops_ring, chequers_serial_rivers_small_a, uniq_natasha,
          uniq_jessica
D:3:      layout_loops_ring, st_stairs_3, grunt_decor_arrowhead,
          minmay_strange_pillars, grunt_decor_junction
D:4:      layout_loops_corners, lemuel_temple_firewalk_b,
          nicolae_elemental_shop, uniq_pikel, uniq_pargi, uniq_edmund
D:5:      layout_basic, uniq_ijyb
D:6:      layout_basic, nicolae_tso_swordbearing_angel,
          gammafunk_ghost_gnarly_gnolls, grunt_ministairs_10
D:7:      layout_loops_ring, serial_bayou, serial_bayou_pond_d,
          serial_bayou_lake_a, serial_bayou_pond_c, serial_bayou_lagoon_b,
          minmay_microvault
D:8:      layout_layer_cave, enter_bailey_1,
          nicolae_concentric_dashed_squares_wild, nicolae_shop_fire_sale
          [nicolae_sub_dead_trees], grunt_ministairs_10, st_stairs_1

Skill      XL: |  1  2  3  4  5  6  7  8  9 10 |
---------------+-------------------------------+-----
Fighting       | 4 5 6 9 |  9.2
Long Blades    | 4 5 6 |  6.9
Armour         | 2 3 4 5 6 7 |  7.0
Dodging        | 1 2 3 4 |  4.0
Fire Magic     | 4 5 |  5.0
Evocations     | 4 5 |  5.0
Stealth        | 2 3 |  3.0
Spellcasting   | 3 |  3.0
Throwing       | 2 3 |  3.0
Invocations    | 2 |  2.0
Translocations | 3 |  3.0
Short Blades   | |  0.3

Action                   |  1- 3 |  4- 6 |  7- 9 | 10-12 || total
-------------------------+-------+-------+-------+-------++-------
Melee: Falchion          |   108 |       |       |       ||   108
       Dagger            |       |   119 |   186 |       ||   305
       Punch             |       |     3 |     2 |       ||     5
       Long sword        |       |       |   133 |    28 ||   161
Throw: Boomerang         |       |       |    17 |     2 ||    19
       Dart              |       |       |    14 |       ||    14
       Throwing net      |       |       |       |     1 ||     1
 Cast: Scorch            |       |     9 |    33 |     2 ||    44
       Blink             |       |       |     1 |     3 ||     4
Invok: Foxfire Swarm     |     1 |     1 |     3 |       ||     5
       Rising Flame      |     1 |       |       |       ||     1
       Fiery Armour      |       |     1 |     2 |     1 ||     4
 Abil: Hop               |     1 |     4 |    14 |     5 ||    24
Evoke: Wand              |       |       |    35 |       ||    35
  Use: Scroll            |     2 |     5 |    14 |     1 ||    22
       Potion            |     1 |       |     1 |     4 ||     6
Armor: Robe              |    20 |       |       |       ||    20
       Ring mail         |    20 |    36 |   107 |    11 ||   174
Dodge: Dodged            |    78 |    54 |   240 |    35 ||   407
Block: Other             |       |       |       |     7 ||     7

Table legend: (Time is in decaauts)
 A = Elapsed time spent in this place.
 B = Non-inter-level travel time spent in this place.
 C = Inter-level travel time spent in this place.
 D = Time resting spent in this place.
 E = Time spent auto-exploring this place.
 F = Levels seen in this place.
 G = Mean time per level.
                   A        B        C        D        E       F      G
               +--------+--------+--------+--------+--------+-----+--------+
         Total |  18868 |  18207 |    661 |   6493 |   8942 |   8 | 2358.5 |
       Dungeon |  18868 |  18207 |    661 |   6493 |   8942 |   8 | 2358.5 |
               +--------+--------+--------+--------+--------+-----+--------+

Top non-repeatable levels by time:
     D:7: 5335 daAuts
     D:6: 4283 daAuts
     D:4: 2033 daAuts
     D:1: 2026 daAuts
     D:3: 1753 daAuts
     D:5: 1654 daAuts
     D:2: 1511 daAuts
     D:8: 270 daAuts
